 Dungeon Crawl Stone Soup version 0.30-a0-778-g2ef04afb54 (webtiles) character file.

Game seed: 7315617093032435121

488 sircluck the Cudgeller (level 6, -10/56 HPs)
             Began as a Minotaur Fighter on Feb 15, 2023.
             Mangled by a two-headed ogre
             ... wielding a +0 giant club
              (20 damage)
             ... on level 5 of the Dungeon on Feb 16, 2023.
             The game lasted 00:03:34 (1825 turns).

sircluck the Cudgeller (Minotaur Fighter)           Turns: 1825, Time: 00:03:34

Health: -10/56     AC:  8    Str: 23    XL:     6   Next: 90%
Magic:  5/5        EV: 10    Int:  5    God:
Gold:   58         SH:  4    Dex:  9    Spells: 5/5 levels left

rFire   . . .      SeeInvis .    A - +6 scimitar (freeze)
rCold   . . .      Faith    .    c - +0 buckler
rNeg    . . .      Spirit   .    b - +0 scale mail
rPois   .          Reflect  .    (helmet restricted)
rElec   .          Harm     .    (no cloak)
rCorr   .          Rampage  .    k - +0 pair of gloves
Will    .....                    (no boots) Stlth
                                 (no amulet)
HPRegen 0.29/turn                (no ring)
MPRegen 0.09/turn                (no ring)

@: no status effects
A: horns 2, retaliatory headbutt
a: no special abilities


You were on level 5 of the Dungeon.
You visited 1 branch of the dungeon, and saw 5 of its levels.

You collected 58 gold pieces.

Inventory:

Hand Weapons
 a - a +0 flail
 p - a +0 scythe
 y - a +2 mace of protection
 A - a +6 scimitar of freezing (weapon)
Missiles
 f - 4 boomerangs (quivered)
 h - 5 poisoned darts
 j - 46 stones
Armour
 b - a +0 scale mail (worn)
 c - a +0 buckler (worn)
 k - a +0 pair of gloves (worn)
Jewellery
 m - a ring of protection from cold
 v - a ring of protection from cold
 w - a ring of protection from fire
Wands
 o - a wand of flame (28)
Scrolls
 e - a scroll of vulnerability {unknown}
 l - 2 scrolls of teleportation {unknown}
 n - a scroll of identify {unknown}
 q - a scroll of immolation {unknown}
 t - a scroll of brand weapon {unknown}
 z - a scroll of torment {unknown}
Potions
 d - a potion of might
 g - a potion of degeneration {unknown}
 i - a potion of heal wounds {unknown}
 r - a potion of resistance {unknown}
 s - a potion of attraction {unknown}
 u - 3 potions of haste {unknown}
 x - a potion of curing {unknown}


   Skills:
 + Level 5.2 Fighting
 * Level 1.0 Long Blades
 + Level 5.8 Maces & Flails
 + Level 5.3 Armour
 + Level 1.4 Dodging
 + Level 0.1 Stealth
 + Level 4.8 Shields


You had 5 spell levels left.
You didn't know any spells.
Your spell library was empty.

Dungeon Overview and Level Annotations

Branches:
Dungeon (5/15)
 Temple: D:4-7

Altars:


Innate Abilities, Weirdness & Mutations

You have a pair of horns on your head.
You reflexively headbutt those who attack you in melee.


Message History

A hound is nearby!
The hound barks!
The hound bites you but does no damage.
You barely miss the hound. The hound bites you.
The hound bites you but does no damage.
You closely miss the hound. The hound closely misses you.
You furiously retaliate!
You headbutt the hound. The hound completely misses you.
You hit the hound. You freeze the hound. Your headbutt misses the hound.
The hound is heavily wounded.
The hound barely misses you. The hound completely misses you.
The hound bites you.
You closely miss the hound. Your headbutt misses the hound.
The hound is heavily wounded.
The hound bites you but does no damage. The hound bites you.
You hit the hound. You freeze the hound. Your headbutt misses the hound.
The hound is almost dead.
The hound barely misses you. You furiously retaliate!
You headbutt the hound!
You kill the hound!
Your Long Blades skill increases to level 1!
No target in view!
No target in view!
No target in view!
No target in view!
No target in view!
No target in view!
No target in view!
u - 3 bubbling emerald potions (gained 2)
A two-headed ogre comes into view. It is wielding two +0 giant clubs.
The two-headed ogre shouts in stereo!
A two-headed ogre is nearby!
A two-headed ogre is nearby!
A two-headed ogre is nearby!
A two-headed ogre is nearby!
The two-headed ogre hits you with a +0 giant club! x2
You barely miss the two-headed ogre.
The two-headed ogre hits you with a +0 giant club!!
* * * LOW HITPOINT WARNING * * *
The two-headed ogre hits you with a +0 giant club!!
You die...

#........#
#......###
#......+
###......#
#...###### #...#
#...###
##.#.....#
#.......@#
..........O....#
##......########
#..#....#
..~###+## .~


You could see a two-headed ogre.

Vanquished Creatures
  Sigmund (D:2)
  A black bear (D:5)
  Blork the orc (D:4)
  A hound (D:5)
  2 iguanas
  3 adders
  An ufetubus (D:5)
  A worm (D:4)
  A dart slug (D:1)
  2 ball pythons (D:2)
  2 endoplasms
  2 giant cockroaches
  8 goblins
  3 hobgoblins
  3 jackals (D:1)
  4 quokkas
  2 bats (D:1)
  3 frilled lizards (D:1)
  7 kobolds
  6 rats
54 creatures vanquished.

Notes
Turn   | Place    | Note
-------+----------+-------------------------------------------
     0 | D:1      | sircluck the Minotaur Fighter began the quest for the Orb.
     0 | D:1      | Reached XP level 1. HP: 19/19 MP: 0/0
   261 | D:1      | Reached XP level 2. HP: 27/27 MP: 1/1
   708 | D:1      | Reached XP level 3. HP: 33/33 MP: 2/2
   898 | D:2      | Noticed Sigmund
   907 | D:2      | Killed Sigmund
   908 | D:2      | Reached skill level 1 in Dodging
   908 | D:2      | Reached XP level 4. HP: 25/41 MP: 3/3
   908 | D:2      | Reached XP level 5. HP: 29/47 MP: 4/4
  1511 | D:3      | Reached skill level 5 in Fighting
  1599 | D:4      | Noticed Blork the orc
  1606 | D:4      | Killed Blork the orc
  1607 | D:4      | Reached skill level 5 in Maces & Flails
  1607 | D:4      | Reached skill level 5 in Armour
  1607 | D:4      | Reached XP level 6. HP: 39/56 MP: 5/5
  1639 | D:5      | Entered Level 5 of the Dungeon
  1781 | D:5      | Reached skill level 1 in Long Blades
  1822 | D:5      | Noticed a two-headed ogre
  1825 | D:5      | Mangled by a two-headed ogre

Illustrated notes

Levels and vault maps discovered:
D:1:      dpeg_arrival_rhombi, layout_loops_cross
D:2:      layout_rooms, serial_forest, infiniplex_forest_3_way,
          infiniplex_forest_clump_tiny, infiniplex_forest_lined_room_,
          infiniplex_forest_lined_4_way, infiniplex_forest_straight_3,
          infiniplex_forest_side_room, infiniplex_forest_clump_small,
          uniq_sigmund
D:3:      layout_loops_cross, tgw_sif, grunt_temple_overflow_open, uniq_ijyb,
          uniq_jessica
D:4:      layout_cave_pools, gammafunk_temple_overflow_pools,
          kennysheep_little_box, minmay_cupped, uniq_blork_the_orc
D:5:      cheibrodos_two_vegetables, layout_basic, mainiacjoe_overflow_catwalk,
          minmay_misc_feat_x, moated_statue, uniq_duvessa

Skill      XL: |  1  2  3  4  5  6 |
---------------+-------------------+-----
Armour         | 4 5 |  5.3
Shields        | 4 |  4.8
Fighting       | 4 5 |  5.2
Maces & Flails | 4 5 |  5.8
Dodging        | 1 |  1.4
Long Blades    | 1 |  1.0
Stealth        | |  0.1

Action                     |  1- 3 |  4- 6 || total
---------------------------+-------+-------++-------
  Melee: Flail             |    70 |    20 ||    90
         Headbutt          |    11 |     7 ||    18
         Mace              |       |    37 ||    37
         Scimitar          |       |    16 ||    16
 Armour: Scale mail        |    39 |    56 ||    95
  Dodge: Dodged            |    38 |    56 ||    94
  Block: Buckler           |    11 |    31 ||    42

Table legend: (Time is in decaauts)
 A = Elapsed time spent in this place.
 B = Non-inter-level travel time spent in this place.
 C = Inter-level travel time spent in this place.
 D = Time resting spent in this place.
 E = Time spent auto-exploring this place.
 F = Levels seen in this place.
 G = Mean time per level.
                   A        B        C        D        E       F      G
               +--------+--------+--------+--------+--------+-----+--------+
         Total |   1863 |   1687 |    176 |      0 |   1346 |   5 |  372.6 |
       Dungeon |   1863 |   1687 |    176 |      0 |   1346 |   5 |  372.6 |
               +--------+--------+--------+--------+--------+-----+--------+

Top non-repeatable levels by time:
     D:1: 915 daAuts
     D:2: 611 daAuts
     D:5: 192 daAuts
     D:3: 99 daAuts
     D:4: 44 daAuts
